 Dungeon Crawl Stone Soup version 0.29.1-2-gbd0b4ee654 (webtiles) character file.

Game seed: 17872473196418835558

217 inkworks the Covered (level 5, 0/47 HPs)
             Began as a Minotaur Fighter on Nov 17, 2022.
             Was an Initiate of Okawaru.
             Succumbed to a scorpion's poison
             ... on level 3 of the Dungeon.
             The game lasted 00:13:39 (2264 turns).

inkworks the Covered (Minotaur Fighter)             Turns: 2264, Time: 00:13:39

Health: 0/47       AC:  7    Str: 23    XL:     5   Next: 61%
Magic:  1/4        EV:  9    Int:  5    God:    Okawaru [......]
Gold:   140        SH:  4    Dex:  9    Spells: 4/4 levels left

rFire   . . .      SeeInvis .   a - +0 long sword
rCold   . . .      Faith    .   c - +0 buckler
rNeg    . . .      Spirit   +   b - +0 scale mail
rPois   .          Reflect  .   (helmet restricted)
rElec   .          Harm     .   (no cloak)
rCorr   .          Rampage  .   (no gloves)
Will    .....                   (no boots)
Stlth   ..........              p - amulet of guardian spirit
HPRegen 0.15/turn               (no ring)
MPRegen 0.09/turn               (no ring)

@: lethally poisoned (0 -> -4)
A: horns 2, retaliatory headbutt
a: Renounce Religion


You were on level 3 of the Dungeon.
You worshipped Okawaru.
Okawaru was noncommittal.
You visited 1 branch of the dungeon, and saw 3 of its levels.

You collected 140 gold pieces.

Inventory:

Hand Weapons
 a - a +0 long sword (weapon)
Missiles
 h - 2 curare-tipped darts (quivered)
Armour
 b - a +0 scale mail (worn)
 c - a +0 buckler (worn)
Jewellery
 p - an amulet of guardian spirit (around neck)
Scrolls
 e - 2 scrolls of fear {unknown}
 f - a scroll of enchant weapon {unknown}
 k - a scroll of poison {unknown}
 l - a scroll of torment {unknown}
 m - a scroll of teleportation {unknown}
 n - a scroll of amnesia {unknown}
 q - a scroll of summoning {unknown}
 r - a scroll of noise {unknown}
 t - a scroll of identify {unknown}
Potions
 d - a potion of might
 g - a potion of degeneration {unknown}
 i - 2 potions of attraction {unknown}
 j - a potion of heal wounds {unknown}
 o - a potion of curing {unknown}
 s - a potion of haste {unknown}


   Skills:
 + Level 4.4 Fighting
 + Level 4.3 Long Blades
 + Level 5.5 Armour
 + Level 0.2 Dodging
 + Level 4.6 Shields


You had 4 spell levels left.
You didn't know any spells.
Your spell library was empty.

Dungeon Overview and Level Annotations

Branches:
Dungeon (3/15)

Altars:
Okawaru

Shops:
D:1 ?:[


Innate Abilities, Weirdness & Mutations

You have a pair of horns on your head.
You reflexively headbutt those who attack you in melee.


Message History

A worm comes into view.
A scorpion comes into view.
Found a fuming red potion.
The worm bites you.
You hit the worm but do no damage. You headbutt the worm!
The worm is severely wounded.
The worm bites you! The scorpion barely misses you.
You hit the worm but do no damage. You headbutt the worm.
The worm is almost dead.
The scorpion stings you but does no damage.
The worm bites you!
* * * LOW HITPOINT WARNING * * *
You hit the worm but do no damage. You headbutt the worm.
You kill the worm!
Okawaru accepts your kill. The scorpion closely misses you.
You hit the scorpion.
The scorpion is lightly wounded.
The scorpion barely misses you. The scorpion closely misses you.
You closely miss the scorpion.
The scorpion is lightly wounded.
The scorpion stings you.
* * * LOW HITPOINT WARNING * * *
You barely miss the scorpion.
The scorpion is lightly wounded.
The scorpion barely misses you. The scorpion stings you.
* * * LOW HITPOINT WARNING * * *
You are lethally poisoned!
The scorpion poisons you!
You closely miss the scorpion. You headbutt the scorpion.
The scorpion is lightly wounded.
* * * LOW HITPOINT WARNING * * *
You feel very sick. The scorpion stings you.
* * * LOW HITPOINT WARNING * * *
* * * LOW HITPOINT WARNING * * *
You feel sick.
* * * LOW HITPOINT WARNING * * *
You feel sick. You block the scorpion's attack.
You die...

.....#.####.#.#.## #.#
....<............ ...#
.....#.####..... ...# .....#.#
#..#.# ..## ##..##.####..#.##
#...## #..##..........###.?...##
#..#######......#.......# ## #..#
#......[s†.....! ..# #..#
#.....@........# #.# #..#
#.#...........### #.# #..##
#.##.............###.## #...#
#.###........###....... ###..#
#.# #.................. .....##
#.###.......######..#<. .##...###
#..........## #........
........####...##..#.####.##..#..
#.#.#.#.......................##.


You could see a scorpion.

Vanquished Creatures
  A necrophage (D:2)
  Jessica (D:3)
  An orc wizard (D:3)
  2 gnolls (D:3)
  An adder (D:2)
  2 worms
  2 dart slugs (D:3)
  6 orcs (D:3)
  4 endoplasms (D:2)
  2 giant cockroaches
  6 hobgoblins
  3 jackals (D:1)
  2 kobolds
  2 ball pythons
  9 bats
  5 frilled lizards
  4 goblins
  6 rats
59 creatures vanquished.

Notes
Turn   | Place    | Note
-------+----------+-------------------------------------------
     0 | D:1      | inkworks the Minotaur Fighter began the quest for the Orb.
     0 | D:1      | Reached XP level 1. HP: 19/19 MP: 0/0
    24 | D:1      | Found a faded altar of an unknown god.
   198 | D:1      | Found Sial's Book Emporium.
   207 | D:1      | Found Kivamez's Magic Scroll Emporium.
   402 | D:1      | Reached skill level 4 in Armour
   495 | D:1      | Found Cilyiwi's Armour Shoppe.
   498 | D:1      | Reached XP level 2. HP: 26/27 MP: 1/1
  1091 | D:2      | Reached XP level 3. HP: 33/33 MP: 2/2
  1154 | D:2      | Noticed a necrophage
  1165 | D:2      | Killed a necrophage
  1166 | D:2      | Reached XP level 4. HP: 21/40 MP: 3/3
  1329 | D:2      | Reached skill level 5 in Armour
  1633 | D:3      | Noticed Jessica
  1676 | D:3      | Killed Jessica
  1677 | D:3      | Reached XP level 5. HP: 34/47 MP: 4/4
  1704 | D:3      | Found an iron altar of Okawaru.
  1730 | D:3      | Became a worshipper of Warmaster Okawaru
  2262 | D:3      | HP: 2/47 [poisoned by a scorpion]
  2264 | D:3      | Succumbed to a scorpion's poison

Illustrated notes

Levels and vault maps discovered:
D:1:      amcnicky_arrival_underground_garden, layout_basic, serial_shops,
          nicolae_shop_competitors_out_of_business, shop, shop,
          chequers_ecumenical_altar_island
D:2:      layout_loops_ring, kennysheep_generic_room_3
D:3:      layout_loops_ring, okawaru_altar_gauntlet_db, serial_glass,
          glass_columns_a, glass_columns_a, glass_columns_a, glass_columns_a,
          glass_columns_a, glass_columns_c, glass_columns_c, glass_columns_c,
          glass_columns_a, glass_columns_a, glass_columns_b, glass_columns_a,
          glass_columns_b, glass_columns_a, feat_on_display, uniq_jessica

Skill      XL: |  1  2  3  4  5 |
---------------+----------------+-----
Armour         | 4 5 |  5.5
Shields        | 4 |  4.6
Fighting       | 4 |  4.4
Long Blades    | 3 4 |  4.3
Dodging        | |  0.2

Action                   |  1- 3 |  4- 6 || total
-------------------------+-------+-------++-------
Melee: Long sword        |    56 |   110 ||   166
       Headbutt          |     9 |    14 ||    23
Armor: Scale mail        |    26 |    65 ||    91
Dodge: Dodged            |    27 |    57 ||    84
Block: Buckler           |    14 |    18 ||    32
